 Dungeon Crawl Stone Soup version 0.24.0-28-g17ded55e90 (webtiles) character file.

Game seed: 3557325046462510050, levelgen mode: deterministic

1534 Delamore the Cleaver (level 8, -2/67 HPs)
             Began as a Hill Orc Fighter on Nov 11, 2019.
             Was a Follower of Qazlal.
             Slain by Linguinho's ghost (20 damage)
             ... on level 6 of the Dungeon.
             The game lasted 00:10:28 (5955 turns).

Delamore the Cleaver (Hill Orc Fighter)             Turns: 5955, Time: 00:10:29

Health: -2/67      AC:  6    Str: 21    XL:     8   Next: 86%
Magic:  8/8        EV:  8    Int:  8    God:    Qazlal [*.....]
Gold:   324        SH: 11    Dex: 12    Spells: 7/7 levels left

rFire    . . .     SeeInvis .   a - +0 war axe
rCold    . . .     Gourm    .   c - +0 shield
rNeg     . . .     Faith    .   y - +1 leather armour {rPois}
rPois    +         Spirit   .   (no helmet)
rElec    .         Reflect  .   (no cloak)
rCorr    .         Harm     .   n - +0 pair of gloves
MR       .....                  l - +0 pair of boots
Stlth    +.........             (no amulet)
HPRegen  0.21/turn              D - +2 ring of dexterity
MPRegen  0.11/turn              (no ring)

@: no status effects
A: no striking features
a: Renounce Religion


You were on level 6 of the Dungeon.
You worshipped Qazlal.
Qazlal was aware of your devotion.
You were not hungry.

You visited 1 branch of the dungeon, and saw 6 of its levels.
You also visited: Sewer.

You collected 324 gold pieces.

Inventory:

Hand Weapons
 a - a +0 war axe (weapon)
Missiles
 A - 6 datura-tipped darts (quivered)
Armour
 c - a +0 shield (worn)
 l - a +0 pair of boots (worn)
 n - a +0 pair of gloves (worn)
 s - a +0 robe of fire resistance
 y - a +1 leather armour of poison resistance (worn)
Jewellery
 b - an uncursed amulet of harm {unknown}
 D - a +2 ring of dexterity (left hand)
Wands
 F - a wand of enslavement (4)
Scrolls
 g - a scroll of fear {unknown}
 h - 6 scrolls of identify {unknown}
 i - 9 scrolls of remove curse {unknown}
 k - 5 scrolls of amnesia {unknown}
 o - 4 scrolls of random uselessness {unknown}
 p - 3 scrolls of enchant weapon {unknown}
 q - 3 scrolls of teleportation {unknown}
 t - 2 scrolls of fog {unknown}
 C - a scroll of magic mapping {unknown}
Potions
 d - a potion of degeneration {unknown}
 e - 2 potions of curing
 j - a potion of lignification
 m - a potion of agility {unknown}
 r - a potion of berserk rage {unknown}
 u - a potion of magic {unknown}
 v - a potion of heal wounds
 w - a potion of haste {unknown}
 x - 2 potions of brilliance {unknown}
 z - a potion of resistance {unknown}
 B - 2 potions of invisibility {unknown}
 E - 3 potions of ambrosia {unknown}
Comestibles
 f - 13 rations


   Skills:
 + Level 4.5 Fighting
 * Level 13.3 Axes
 - Level 3.2 Armour
 - Level 3.2 Shields


You had 7 spell levels left.
You didn't know any spells.
Your spell library contained the following spells:

 Spells                   Type           Power        Failure   Level  Hunger
 Beastly Appendage        Tmut           #.....       93%         1    ##.....
 Sticks to Snakes         Tmut           #.......     98%         2    ###....
 Spider Form              Tmut/Pois      #.........   100%        3    ####...
 Ice Form                 Ice/Tmut       #.......     100%        4    #####..
 Blade Hands              Tmut           #.........   100%        5    ######.


Dungeon Overview and Level Annotations

Branches:
Dungeon (7/15)             Temple (0/1) D:6           Sewer (visited)

Altars:
Ashenzari
Cheibriados
Dithmenos
Elyvilon
Qazlal
Sif Muna
Zin
The Shining One

Shops:
D:2 *   D:7 :

Annotations:
D:6 Linguinho's ghost, novice TrFi


Message History

Linguinho's ghost is heavily damaged.
Linguinho's ghost hits you!!
* * * LOW HITPOINT WARNING * * *
You feel better.
Linguinho's ghost hits you but does no damage.
You slash Linguinho's ghost!
Linguinho's ghost is severely damaged.
You block Linguinho's ghost's attack.
Your shield prevents you from hitting Linguinho's ghost.
Linguinho's ghost is severely damaged.
Linguinho's ghost hits you but does no damage.
You closely miss Linguinho's ghost.
Linguinho's ghost is severely damaged.
You block Linguinho's ghost's attack.
You barely miss Linguinho's ghost.
Linguinho's ghost is severely damaged.
You hit Linguinho's ghost.
Linguinho's ghost is severely damaged.
Linguinho's ghost hits you!!
You die...

####### #.....# #.....#
#.....# #### #.....# #..##
##.....# #†####### #......#
##@W≈≈≈≈(≈ .# .......##
#..########.# .###.#..#
#...........# .###.##.#
#...........#
..##..#.########..........#
#.###..........#..........#
#...#..........#..........#
###.#.....................#
#....###.###..........>.#


You could see Linguinho's ghost.

Vanquished Creatures
  Grinder (D:4)
  A hippogriff (D:7)
  An ice beast (D:7)
  A sky beast (D:6)
  2 centaurs (D:7)
  2 big kobolds (D:7)
  2 bullfrogs (D:6)
  A howler monkey (D:4)
  A bullfrog skeleton (D:4)
  An orc priest (D:3)
  2 hounds
  A jelly (D:6)
  An iguana (D:7)
  3 worker ants
  A hound skeleton (D:7)
  4 gnolls (D:3)
  A howler monkey skeleton (D:7)
  9 adders
  An ooze (D:4)
  An adder skeleton (D:7)
  3 worms
  3 dart slugs
  4 leopard geckos
  8 orcs
  4 ball pythons (Sewer)
  7 giant cockroaches
  4 goblins
  4 hobgoblins
  7 jackals
  3 quokkas
  3 bats
  2 frilled lizards
  A jackal skeleton (D:4)
  31 kobolds
  A quokka skeleton (D:6)
  3 rats (D:1)
125 creatures vanquished.

Notes
Turn   | Place    | Note
-------+----------+-------------------------------------------
     0 | D:1      | Delamore the Hill Orc Fighter began the quest for the Orb.
     0 | D:1      | Reached XP level 1. HP: 19/19 MP: 1/1
    40 | D:1      | Reached skill level 3 in Axes
   134 | D:1      | Reached XP level 2. HP: 26/26 MP: 2/2
   200 | D:1      | Reached skill level 4 in Axes
   529 | D:1      | Reached XP level 3. HP: 31/31 MP: 3/3
   896 | D:2      | Found a shimmering blue altar of Sif Muna.
   981 | D:2      | Reached skill level 5 in Axes
  1062 | D:2      | Found a shadowy altar of Dithmenos.
  1076 | D:2      | Found a snail-covered altar of Cheibriados.
  1128 | D:2      | Found Zin's Purification Station.
  1142 | D:2      | Reached XP level 4. HP: 39/39 MP: 4/4
  1144 | D:2      | Found a glowing silver altar of Zin.
  1554 | D:3      | Reached skill level 6 in Axes
  1560 | D:3      | Reached XP level 5. HP: 29/45 MP: 5/5
  1833 | D:3      | Reached skill level 7 in Axes
  1979 | D:4      | Noticed Grinder
  1990 | D:4      | Killed Grinder
  1990 | D:4      | Reached skill level 8 in Axes
  1990 | D:4      | Reached XP level 6. HP: 6/51 MP: 6/6
  2048 | D:4      | Reached skill level 9 in Axes
  2087 | D:4      | Found a glowing drain.
  2275 | Sewer    | Entered a sewer
  3017 | Sewer    | Reached XP level 7. HP: 57/57 MP: 7/7
  3507 | D:3      | Found a stormy altar of Qazlal.
  3507 | D:3      | Found a glowing golden altar of the Shining One.
  3511 | D:3      | Became a worshipper of Qazlal Stormbringer
  3930 | D:4      | Reached skill level 10 in Axes
  4370 | D:4      | You fall into a shaft and drop 3 floors!
  4371 | D:7      | Noticed a hippogriff
  4390 | D:7      | Killed a hippogriff
  4390 | D:7      | Reached skill level 11 in Axes
  4629 | D:7      | Found a shattered altar of Ashenzari.
  4795 | D:7      | Reached XP level 8. HP: 48/64 MP: 8/8
  4881 | D:7      | Reached skill level 12 in Axes
  5114 | D:7      | Found a white marble altar of Elyvilon.
  5173 | D:7      | Reached * piety under Qazlal
  5233 | D:7      | Found Dagyegon's Book Shop.
  5626 | D:6      | Found a staircase to the Ecumenical Temple.
  5694 | D:6      | Reached skill level 13 in Axes
  5885 | D:6      | Found a runed translucent door.
  5923 | D:6      | Noticed Linguinho's ghost (novice TrFi)
  5955 | D:6      | Slain by Linguinho's ghost

Levels and vault maps discovered:
D:1:      psy_arrival_whirlpool, layout_loops_ring, minivault_19
D:2:      layout_basic, cheibriados_altar_1, zin_purify, lemuel_blue_sif_altar,
          first_ration, grunt_dithmenos_smoke_and_mirrors
D:3:      layout_basic, gammafunk_temple_overflow_wave
D:4:      layout_basic, portal_sewer_entry_f, uniq_grinder
D:6:      layout_rooms, minmay_temple_entry_sparse_star, ebering_ghost_sewer_d
D:7:      layout_loops_ring, elyvilon_altar_3, kennysheep_mini_moat,
          serial_shops, shop_statue

Skill      XL: |  1  2  3  4  5  6  7  8 |
---------------+-------------------------+-----
Axes           | 3 4 5 6 8 9 11 13 | 13.3
Fighting       | 4 |  4.5
Armour         | |  3.2
Shields        | |  3.2

Action                   |  1- 3 |  4- 6 |  7- 9 || total
-------------------------+-------+-------+-------++-------
Melee: War axe           |    92 |   120 |   252 ||   464
Throw: Dart              |       |       |     6 ||     6
  Use: Potion            |       |     2 |     3 ||     5
 Stab: Sleeping          |       |       |     1 ||     1
  Eat: Chunk             |     1 |     6 |    10 ||    17
Armor: Scale mail        |    43 |       |       ||    43
       Robe              |     6 |    24 |    12 ||    42
       Leather armour    |       |       |    54 ||    54
Dodge: Dodged            |    43 |    44 |    69 ||   156
Block: Shield            |    39 |    54 |    98 ||   191
